 Dungeon Crawl Stone Soup version 0.29-a0-555-g3b24f45cc1 (webtiles) character file.

Game seed: 12578822553343111588

1626 Crownlay the Basher (level 8, -3/74 HPs)
             Began as a Troll Berserker on June 7, 2022.
             Was a Believer of Trog.
             Slain by a sky beast (6 damage)
             ... on level 6 of the Dungeon.
             The game lasted 00:07:14 (4517 turns).

Crownlay the Basher (Troll Berserker)               Turns: 4517, Time: 00:07:15

Health: -3/74      AC:  2    Str: 28    XL:     8   Next: 65%
Magic:  7/7        EV:  8    Int:  3    God:    Trog [**....]
Gold:   318        SH:  9    Dex:  9    Spells: 7/7 levels left

rFire   . . .      SeeInvis .   a - +0 mace
rCold   . . .      Faith    .   l - +1 kite shield
rNeg    . . .      Spirit   .   f - +0 troll leather armour
rPois   .          Reflect  .   (helmet restricted)
rElec   .          Harm     .   (no cloak)
rCorr   .          Rampage  .   (gloves unavailable)
Will    ++...                   (boots unavailable)
Stlth   +.........              (no amulet)
HPRegen 2.82/turn               (no ring)
MPRegen 0.10/turn               (no ring)

@: strong-willed (expiring), corroded, on berserk cooldown, regenerating
(expiring), hasted, very quick
A: large, unfitting armour, claws 3, regeneration 1, shaggy fur 1, tough skin 1
a: Renounce Religion, Berserk, Trog's Hand


You were on level 6 of the Dungeon.
You worshipped Trog.
Trog was pleased with you.
You visited 1 branch of the dungeon, and saw 6 of its levels.

You collected 318 gold pieces.

Inventory:

Hand Weapons
 a - a +0 mace (weapon)
Armour
 f - a +0 troll leather armour (worn)
 l - a +1 kite shield (worn)
Wands
 k - a wand of acid (5)
 r - a wand of flame (19)
Scrolls
 e - a scroll of immolation {unknown}
 i - a scroll of enchant weapon {unknown}
 j - 2 scrolls of enchant armour
 q - a scroll of fog {unknown}
 s - a scroll of teleportation {unknown}
 u - a scroll of silence {unknown}
 v - a scroll of amnesia {unknown}
 w - 2 scrolls of poison {unknown}
 x - a scroll of magic mapping {unknown}
 y - a scroll of brand weapon {unknown}
Potions
 b - a potion of brilliance {unknown}
 c - 3 potions of attraction
 d - 2 potions of might
 g - 2 potions of haste
 h - a potion of mutation {unknown}
 m - a potion of lignification {unknown}
 n - a potion of cancellation {unknown}
 o - a potion of invisibility {unknown}
 p - 2 potions of magic {unknown}
 t - 2 potions of curing {unknown}


   Skills:
 - Level 2.4 Fighting
 * Level 9.3 Maces & Flails
 - Level 2.4 Dodging
 + Level 4.5 Shields


You had 7 spell levels left.
You didn't know any spells.
Your spell library was empty.

Dungeon Overview and Level Annotations

Branches:
Dungeon (6/15)
 Temple: D:4-7

Altars:
Dithmenos
Elyvilon
Kikubaaqudgha
Makhleb
Okawaru

Shops:
D:2 (


Innate Abilities, Weirdness & Mutations

You are too large for most types of armour.
You have claws for hands.
Your natural rate of healing is unusually fast.
You are covered in fur. (AC +1)
You have tough skin. (AC +1)


Message History

You are too injured to fight recklessly!
You are too injured to fight recklessly!
You are too injured to fight recklessly!
You are too injured to fight recklessly!
You are too injured to fight recklessly!
You are too injured to fight recklessly!
Your skin crawls.
You feel strong-willed.
You feel yourself speed up. You block the iguana's attack. Something hits you.
Something shocks you.
You're still recovering from your berserk rage.
You barely miss something. You block the iguana's attack. Something hits you.
Something shocks you.
You hit the iguana but do no damage. You block the iguana's attack.
Something hits you but does no damage. The iguana bites you!
* * * LOW HITPOINT WARNING * * *
Something completely misses you.
You closely miss the iguana. The iguana barely misses you. Something hits you.
* * * LOW HITPOINT WARNING * * *
Something shocks you.
* * * LOW HITPOINT WARNING * * *
You sock the iguana!
The iguana is heavily wounded.
You block the iguana's attack. Something hits you.
* * * LOW HITPOINT WARNING * * *
Something shocks you.
* * * LOW HITPOINT WARNING * * *
You sock something!
You feel the effects of Trog's Hand fading.
The iguana barely misses you. Something hits you.
* * * LOW HITPOINT WARNING * * *
Something shocks you.
* * * LOW HITPOINT WARNING * * *
You feel yourself speed up.
The iguana bites you but does no damage.
A sky beast appears from thin air!
Reactivating autopickup.
The sky beast hits you.
* * * LOW HITPOINT WARNING * * *
The sky beast shocks you.
You die...

#. #. ..# .#
##.##.##..##.##
...............#
........... .+
.$....... ..#
#.$...# ...#
#.lY..##...#
#..@.......#
+..........#
#..........+
#.....##...#
#####.....##...#
##..............#
#..)..........!.
#...##.....##)...
##..######## ....


You could see a sky beast and an iguana.

Vanquished Creatures
  Pikel (D:6)
  Sigmund (D:2)
  Menkaure (D:4)
  An ice beast (D:4)
  An ogre (D:4)
  A howler monkey (D:5)
  6 hounds
  3 orc priests
  3 jellies
  Jessica (D:2)
  Ijyb (D:5)
  4 orc wizards
  8 adders
  A shadow imp (D:5)
  An ufetubus (D:5)
  A worm (D:5)
  2 dart slugs
  20 orcs
  2 bat zombies (D:4)
  6 endoplasms
  2 giant cockroaches
  7 goblins
  10 hobgoblins
  8 kobolds
  3 quokkas
  10 ball pythons
  3 bats
  4 frilled lizards
  8 rats
  2 rat zombies (D:4)
122 creatures vanquished.

Notes
Turn   | Place    | Note
-------+----------+-------------------------------------------
     0 | D:1      | Crownlay the Troll Berserker began the quest for the Orb.
     0 | D:1      | Reached XP level 1. HP: 22/22 MP: 0/0
    61 | D:1      | Reached skill level 3 in Maces & Flails
    92 | D:1      | Reached XP level 2. HP: 28/29 MP: 1/1
   495 | D:1      | Reached XP level 3. HP: 36/36 MP: 2/2
   866 | D:2      | Noticed Jessica
   873 | D:2      | Killed Jessica
   874 | D:2      | Reached skill level 4 in Maces & Flails
   943 | D:2      | Found a faded altar of an unknown god.
   992 | D:2      | Found Veytsux's Antique Weapon Emporium.
  1046 | D:2      | Reached ** piety under Trog
  1047 | D:2      | Reached XP level 4. HP: 44/44 MP: 3/3
  1075 | D:2      | You fall into a shaft and drop 1 floor!
  1591 | D:2      | Noticed Sigmund
  1617 | D:2      | Killed Sigmund
  1618 | D:2      | Reached skill level 6 in Maces & Flails
  1618 | D:2      | Reached XP level 5. HP: 50/50 MP: 4/4
  1618 | D:2      | Reached XP level 6. HP: 59/59 MP: 5/5
  2665 | D:4      | Noticed Menkaure
  2671 | D:4      | Killed Menkaure
  2672 | D:4      | Reached skill level 1 in Shields
  2775 | D:4      | Reached skill level 7 in Maces & Flails
  2880 | D:4      | Reached XP level 7. HP: 64/66 MP: 6/6
  2905 | D:4      | Found an iron altar of Okawaru.
  3205 | D:4      | Found an ancient bone altar of Kikubaaqudgha.
  3416 | D:5      | Entered Level 5 of the Dungeon
  3530 | D:5      | Noticed Ijyb
  3551 | D:5      | Killed Ijyb
  3607 | D:5      | Found a shadowy altar of Dithmenos.
  3617 | D:5      | Reached skill level 8 in Maces & Flails
  3708 | D:5      | Found a white marble altar of Elyvilon.
  3964 | D:5      | Reached XP level 8. HP: 70/74 MP: 7/7
  4177 | D:5      | Found a burning altar of Makhleb.
  4478 | D:6      | Noticed Pikel
  4493 | D:6      | Killed Pikel
  4494 | D:6      | Reached skill level 9 in Maces & Flails
  4517 | D:6      | HP: 3/74 [sky beast (3)]
  4517 | D:6      | Slain by a sky beast

Illustrated notes

Levels and vault maps discovered:
D:1:      onia_arrival_handbag, layout_basic, serial_bayou,
          serial_bayou_lagoon_a, serial_bayou_pond_a, serial_bayou_ford_a,
          serial_bayou_shore_a
D:2:      layout_basic, shapermc_ecumenical_altar_gd, serial_shops,
          nicolae_shop_hallway_plus, minmay_3d_cube, uniq_sigmund, uniq_jessica
D:3:      layout_basic, interstate_on_off
D:4:      layout_rooms, lemuel_zombie_altar_kikubaaqudgha, okawaru_gym_becter,
          serial_corexii_hall, chequers_hall_statues_wall_a,
          corexii_hall_statues_l, uniq_menkaure
D:5:      layout_loops_corners, mainiacjoe_overflow_six_doors_small,
          makhleb_heckhound_becter, old_standard_altar, uniq_ijyb
D:6:      layout_gridville, amcnicky_altar_gilded, uniq_pikel

Skill      XL: |  1  2  3  4  5  6  7  8 |
---------------+-------------------------+-----
Maces & Flails | 3 4 6 7 8 9 |  9.3
Shields        | 1 3 4 |  4.5
Fighting       | |  2.4
Dodging        | |  2.4

Action                   |  1- 3 |  4- 6 |  7- 9 || total
-------------------------+-------+-------+-------++-------
Melee: Mace              |    89 |   126 |   268 ||   483
       Punch             |     1 |     1 |       ||     2
Invok: Berserk           |       |     3 |     5 ||     8
       Trog's Hand       |       |     2 |     6 ||     8
  Use: Scroll            |       |     1 |     3 ||     4
       Potion            |       |       |     1 ||     1
Armor: Animal skin       |    13 |       |       ||    13
       Troll leather arm |    23 |    57 |   119 ||   199
Dodge: Dodged            |    29 |    64 |    86 ||   179
Block: Kite shield       |       |     8 |   111 ||   119

Table legend: (Time is in decaauts)
 A = Elapsed time spent in this place.
 B = Non-inter-level travel time spent in this place.
 C = Inter-level travel time spent in this place.
 D = Time resting spent in this place.
 E = Time spent auto-exploring this place.
 F = Levels seen in this place.
 G = Mean time per level.
                   A        B        C        D        E       F      G
               +--------+--------+--------+--------+--------+-----+--------+
         Total |   4682 |   4517 |    165 |      5 |   3514 |   6 |  780.3 |
       Dungeon |   4682 |   4517 |    165 |      5 |   3514 |   6 |  780.3 |
               +--------+--------+--------+--------+--------+-----+--------+

Top non-repeatable levels by time:
     D:5: 1100 daAuts
     D:3: 1013 daAuts
     D:1: 865 daAuts
     D:2: 861 daAuts
     D:4: 792 daAuts
     D:6: 48 daAuts
